Map: Thunderbird LE

Players

ECKiller - Winner!

  • Race: Terran Terran
  • League: Platinum
  • Spawn Location: 11:00

pHARM

  • Race: Zerg Zerg
  • League: Platinum
  • Spawn Location: 5:00

VOD

Have the link to the VOD?

Description

Time

  • Played on: Sept. 4, 2019, 11:15 p.m.
  • Length: 9:19
Show
View Real Time Build Order
Export as new Build Order

ECKiller Terran - Winner!

Build Orders:  

Get SALT Encoding   

  12  0:02  SCV  
  13  0:15  Supply Depot  
  13  0:18  SCV  
  14  0:30  SCV  
  15  0:40  Barracks  
  16  0:42  SCV  
  16  0:53  Barracks  
  16  0:55  SCV  
  17  1:01  Refinery  
  17  1:07  Refinery  
  17  1:11  SCV  
  18  1:23  SCV  
  19  1:29  Marine  
  20  1:36  Orbital Command  
  20  1:43  Supply Depot  
  20  1:44  Reaper  
  21  2:00  Factory  
  21  2:12  SCV  
  21  2:13  Barracks Tech Lab  
  22  2:24  Marine  
  22  2:26  SCV  
  24  2:32  Stimpack  
  24  2:33  Supply Depot  
  24  2:34  Marine  
  25  2:38  SCV  
  25  2:50  Barracks Reactor  
  25  2:51  Factory Reactor  
  25  2:55  SCV  
  25  2:56  Marine  
  27  3:06  Starport  
  27  3:23  Marine  
  27  3:25  SCV  
  28  3:31  Marine x2  
  30  3:37  Bunker  
  30  3:38  Hellion  
  32  3:47  Supply Depot  
  32  3:49  Marine x2  
  32  3:51  Marine  
  32  3:53  Medivac x2  
  39  4:08  Marine x2  
  39  4:09  Hellion  
  43  4:10  Supply Depot  
  43  4:12  Marine  
  44  4:19  Combat Shield  
  44  4:23  Medivac  
  46  4:26  Marine  
  46  4:27  Marine  
  46  4:30  Marine, Hellion  
  51  4:34  Medivac  
  53  4:45  Liberator, Supply Depot  
  53  4:48  Marine x2  
  55  4:54  Hellion  
  60  5:14  Liberator  
  60  5:28  Marine x2  
  62  5:30  Factory Tech Lab  
  65  5:48  Command Center  
  65  6:19  Liberator  
  65  6:20  Liberator  
  58  7:15  Liberator x2  
  61  7:40  Marine  
  61  7:41  Marine x2  
  64  7:44  Engineering Bay  
  62  7:58  Marine x2  
  62  7:59  Marine  
  62  8:05  Barracks  
  65  8:07  Barracks  
  65  8:16  Marine x3  
  68  8:34  Marine x3  
  71  8:52  Marine x3  
Show
View Real Time Build Order
Export as new Build Order

pHARM Zerg 

Build Orders: Hatch First 

Get SALT Encoding   

  12  0:01  Drone  
  13  0:12  Overlord  
  13  0:19  Drone  
  14  0:31  Drone  
  14  0:32  Drone  
  16  0:50  Hatchery  
  15  0:58  Drone x2  
  15  1:01  Drone  
  18  1:10  Drone  
  19  1:18  Spawning Pool  
  19  1:24  Drone  
  19  1:36  Drone  
  20  1:44  Drone, Extractor  
  20  1:53  Overlord  
  20  2:07  Queen x2  
  24  2:08  Zergling x4  
  24  2:14  Drone x2  
  28  2:29  Drone x2  
  30  2:41  Drone x2  
  32  2:53  Drone  
  32  2:54  Drone  
  32  2:55  Spine Crawler  
  33  2:58  Pneumatized Carapace  
  33  3:00  Overlord x2  
  33  3:09  Drone  
  33  3:10  Drone  
  34  3:23  Queen  
  34  3:25  Drone  
  34  3:26  Drone x3  
  40  3:32  Metabolic Boost  
  40  3:43  Baneling Nest  
  40  3:47  Evolution Chamber, Drone x5  
  43  3:55  Drone  
  43  3:56  Drone  
  45  4:07  Extractor  
  45  4:08  Extractor  
  43  4:15  Lair  
  43  4:23  Drone  
  43  4:24  Drone x3  
  45  4:26  Drone  
  48  4:31  Overlord  
  48  4:32  Overlord x3  
  48  4:40  Hatchery  
  47  4:46  Zergling x4  
  47  4:47  Zergling x6  
  47  4:50  Overlord x2  
  52  4:56  Baneling x4  
  52  5:08  Baneling  
  52  5:09  Baneling x7  
  52  5:10  Baneling x2  
  52  5:11  Zergling x12  
  58  5:38  Zergling x14  
  46  6:41  Spore Crawler  
  27  7:08  Zergling x2  
  27  7:09  Zergling x6  
  27  7:10  Queen  
  33  7:21  Hatchery  
  30  7:45  Extractor  
  30  7:46  Queen  
  30  7:54  Zergling x6  
  33  8:09  Baneling Nest  
  33  8:10  Hydralisk Den  
  31  8:24  Hatchery  
  22  8:58  Zergling x12  
Tags
 
Matchup
TvZ
Replay Pack
10.7.19
Spawn Locations
Cross Positions
Add a new tag
Caveats
  • Supply blocks, unpowered buildings, or Contaminate may cause inaccurate times.
  • Supply counts are checked every 10 seconds.